 Dungeon Sprint DCSS version 0.27-a0-1158-gaa87e14f67 (webtiles) character file.

Game seed: 16961036193880202145

1463 rocky1 the Fighter (level 8, -9/98 HPs)
             Began as an Ogre Fighter on May 16, 2021.
             Was a Priest of Okawaru.
             Mangled by a blink frog (14 damage)
             ... in the Dungeon (Sprint VII: "The Pits").
             The game lasted 00:05:26 (1134 turns).

rocky1 the Fighter (Ogre Fighter)                   Turns: 1134, Time: 00:05:26

Health: -9/98      AC: 10    Str: 23    XL:     8   Next: 77%
Magic:  14/14      EV: 11    Int:  9    God:    Okawaru [***...]
Gold:   0          SH: 10    Dex:  8    Spells: 7/7 levels left

rFire    . . .     SeeInvis .   o - +2 mace (protect)
rCold    . . .     Faith    .   c - +0 kite shield
rNeg     . . .     Spirit   .   b - +0 robe
rPois    .         Reflect  .   (helmet restricted)
rElec    .         Harm     .   (no cloak)
rCorr    .         Rampage  .   (gloves unavailable)
Will     .....     NoTele   +   (boots unavailable)
Stlth    +.........             (no amulet)
HPRegen  0.26/turn              (no ring)
MPRegen  0.14/turn              (no ring)

@: under a protective aura
A: large, unfitting armour, tough skin 1
a: Renounce Religion, Heroism


You were in the Dungeon.
You worshipped Okawaru.
Okawaru was most pleased with you.
You visited 1 branch

Inventory:

Hand Weapons
 n - a +3 vorpal hand axe
 o - a +2 mace of protection (weapon)
Armour
 b - a +0 robe (worn)
 c - a +0 kite shield (worn)
Scrolls
 j - a scroll of blinking
 l - 5 scrolls of amnesia
 m - a scroll of summoning
Potions
 e - 5 potions of curing
 f - 4 potions of heal wounds
 h - 4 potions of magic
 i - 3 potions of berserk rage
 k - 2 potions of invisibility


   Skills:
 + Level 11.7 Fighting
 + Level 8.1 Maces & Flails
 + Level 8.4 Dodging
 + Level 8.4 Shields
 + Level 9.0 Invocations


You had 7 spell levels left.
You didn't know any spells.
Your spell library was empty.

Dungeon Overview and Level Annotations

Branches:
Dungeon (1/1)

Altars:
Ashenzari
Cheibriados
Dithmenos
Elyvilon
Fedhas
Gozag
Hepliaklqana
Kikubaaqudgha
Makhleb
Nemelex Xobeh
Okawaru
Qazlal
Ru
Sif Muna
Trog
Uskayaw
Vehumet
Wu Jian
Xom
Yredelemnul
Zin
The Shining One
Beogh
Jiyva
Lugonu


Innate Abilities, Weirdness & Mutations

You are too large for most types of armour.
You have tough skin. (AC +1)


Message History

You block the blink frog's attack.
The blink frog blinks!
The blink frog closely misses you.
You thump the blink frog!
The blink frog is severely wounded.
The blink frog hits you.
* * * LOW HITPOINT WARNING * * *
You closely miss the blink frog.
The blink frog is severely wounded.
The blink frog barely misses you.
The blink frog blinks!
The blink frog hits you but does no damage.
You hit the blink frog.
The blink frog is severely wounded.
You block the blink frog's attack.
You miss the blink frog.
The blink frog is severely wounded.
You block the blink frog's attack.
The blink frog blinks!
You sock the blink frog!
You kill the blink frog!
Okawaru is honoured by your kill.
Okawaru will now gift you ammunition as you gain piety.
Your Dodging skill increases to level 8!
Your Shields skill increases to level 8!
You sock the blink frog!
You kill the blink frog!
Okawaru accepts your kill.
Your Maces & Flails skill increases to level 8!
Your Invocations skill increases to level 9!
You hit the blink frog.
The blink frog is lightly wounded.
The blink frog misses you.
The blink frog blinks!
The blink frog hits you!
* * * LOW HITPOINT WARNING * * *
You thump the blink frog!
The blink frog is heavily wounded.
The blink frog hits you!
* * * LOW HITPOINT WARNING * * *
You thump the blink frog!
The blink frog is almost dead.
You block the blink frog's attack. The blink frog barely misses you.
You block the blink frog's attack. The blink frog hits you!
You die...

#.#..#..#))##.......#
#.#..#..#[[##.......#
#)##'#).#'###...<...#
#)#....†...##.......#
#)#........##.......#
#)###########.......#
#)......#..##########
#..#.#..#F## ###
#.##.##.#@# l.§#
#.......#F#..F.#
#.##.##.#.§.§..+
#..#.#..#†#....#
#.......†.#....#
########### ####


You could see 2 blink frogs.

Vanquished Creatures
  An orange demon (D)
  2 blink frogs (D)
  Duvessa (D)
  A sky beast (D)
  A phantom (D)
  A scorpion (D)
  Dowan (D)
  5 wights (D)
  A hound (D)
  2 orc priests (D)
  An iguana (D)
  3 orc wizards (D)
  2 adders (D)
  A river rat (D)
  2 orcs (D)
  A bat zombie (D)
  An endoplasm (D)
  2 goblins (D)
  A kobold (D)
  2 frilled lizards (D)
  A rat (D)
33 creatures vanquished.

Notes
Turn   | Place    | Note
-------+----------+-------------------------------------------
     0 | D        | rocky1 the Ogre Fighter began the quest for the Orb.
     0 | D        | Reached XP level 1. HP: 24/24 MP: 1/1
    31 | D        | Found a bloodstained altar of Trog.
    31 | D        | Found a shimmering blue altar of Sif Muna.
    31 | D        | Found a viscous altar of Jiyva.
    31 | D        | Found a hazy altar of Hepliaklqana.
    31 | D        | Found an opulent altar of Gozag.
    32 | D        | Found a glowing golden altar of the Shining One.
    32 | D        | Found a glowing silver altar of Zin.
    32 | D        | Found a basalt altar of Yredelemnul.
    32 | D        | Found a shimmering altar of Xom.
    32 | D        | Found an ornate altar of the Wu Jian Council.
    32 | D        | Found a sacrificial altar of Ru.
    32 | D        | Found a stormy altar of Qazlal.
    32 | D        | Found an iron altar of Okawaru.
    32 | D        | Found a sparkling altar of Nemelex Xobeh.
    32 | D        | Found a burning altar of Makhleb.
    32 | D        | Found a blossoming altar of Fedhas.
    32 | D        | Found a white marble altar of Elyvilon.
    32 | D        | Found a shadowy altar of Dithmenos.
    32 | D        | Found a snail-covered altar of Cheibriados.
    35 | D        | Found a corrupted altar of Lugonu.
    35 | D        | Found a radiant altar of Vehumet.
    36 | D        | Found an ancient bone altar of Kikubaaqudgha.
    36 | D        | Found a hide-covered altar of Uskayaw.
    36 | D        | Found a broken altar of Ashenzari.
    40 | D        | Became a worshipper of Warmaster Okawaru
    78 | D        | Reached XP level 2. HP: 33/33 MP: 2/2
    95 | D        | Reached skill level 5 in Fighting
    98 | D        | Reached skill level 1 in Invocations
   111 | D        | Reached XP level 3. HP: 22/42 MP: 2/4
   264 | D        | Noticed a scorpion
   271 | D        | Killed a scorpion
   272 | D        | Reached skill level 6 in Fighting
   272 | D        | Reached XP level 4. HP: 26/53 MP: 4/6
   531 | D        | Noticed Duvessa
   531 | D        | Noticed Dowan
   546 | D        | Reached skill level 7 in Fighting
   546 | D        | Reached XP level 5. HP: 52/62 MP: 6/8
   548 | D        | Reached skill level 5 in Dodging
   548 | D        | Reached skill level 5 in Shields
   554 | D        | Reached * piety under Okawaru
   555 | D        | Reached skill level 8 in Fighting
   555 | D        | Reached skill level 5 in Maces & Flails
   555 | D        | Reached skill level 5 in Invocations
   558 | D        | Killed Duvessa
   559 | D        | Reached XP level 6. HP: 9/74 MP: 7/10
   562 | D        | Killed Dowan
   563 | D        | Reached skill level 9 in Fighting
   572 | D        | Reached XP level 7. HP: 32/83 MP: 8/11
   577 | D        | Reached ** piety under Okawaru
   597 | D        | Reached skill level 10 in Fighting
  1077 | D        | Noticed a blink frog
  1077 | D        | Noticed a blink frog
  1077 | D        | Noticed a blink frog
  1077 | D        | Noticed an orange demon
  1077 | D        | Noticed a blink frog
  1107 | D        | Killed an orange demon
  1108 | D        | Reached skill level 11 in Fighting
  1108 | D        | Reached XP level 8. HP: 23/97 MP: 12/14
  1130 | D        | Killed a blink frog
  1130 | D        | Reached *** piety under Okawaru
  1131 | D        | Killed a blink frog
  1134 | D        | Mangled by a blink frog

Illustrated notes

Levels and vault maps discovered:
D:        pitsprint [storerooms_1, entrance_room_1, metal_vault_1, armoury_2,
          mini_pit_1, grid_room_1, main_hall_1, silver_pit, the_coven_1,
          the_vestibule_1, steel_vault_2, golden_pit, hallway_of_sentries,
          crystal_vault_4, iron_vault_5, final_vault]

Skill      XL: |  1  2  3  4  5  6  7  8 |
---------------+-------------------------+-----
Maces & Flails | 2 3 4 5 6 7 8 |  8.1
Dodging        | 3 4 6 7 8 |  8.4
Shields        | 3 4 6 7 8 |  8.4
Fighting       | 5 6 7 8 9 11 | 11.7
Invocations    | 1 3 4 5 6 8 9 |  9.0

Action                   |  1- 3 |  4- 6 |  7- 9 || total
-------------------------+-------+-------+-------++-------
Melee: Flail             |    39 |     3 |       ||    42
       Mace              |       |    31 |    95 ||   126
Invok: Heroism           |       |       |     1 ||     1
  Use: Potion            |       |     3 |     3 ||     6
Armor: Robe              |    11 |    10 |    22 ||    43
Dodge: Dodged            |    10 |    13 |    32 ||    55
Block: Kite shield       |    21 |    11 |    43 ||    75

Table legend: (Time is in decaauts)
 A = Elapsed time spent in this place.
 B = Non-inter-level travel time spent in this place.
 C = Inter-level travel time spent in this place.
 D = Time resting spent in this place.
 E = Time spent auto-exploring this place.
 F = Levels seen in this place.
 G = Mean time per level.
                   A        B        C        D        E       F      G
               +--------+--------+--------+--------+--------+-----+--------+
         Total |   1142 |   1120 |     22 |    738 |      0 |   1 | 1142.0 |
       Dungeon |   1142 |   1120 |     22 |    738 |      0 |   1 | 1142.0 |
               +--------+--------+--------+--------+--------+-----+--------+

Top non-repeatable levels by time:
       D: 1142 daAuts
